[Event "*** Titled Tuesday Blitz"]
[Site "Chess.com"]
[Date "2020.03.03"]
[Round "4"]
[White "saikrishnaReturns"]
[Black "mohssenbinaddi"]
[Result "1-0"]
[WhiteElo "2647"]
[BlackElo "2202"]
[TimeControl "180+1"]
[EndTime "13:39:53 PST"]
[Termination "saikrishnaReturns won on time"]

1. e4 c6 2. d4 d5 3. Nc3 dxe4 4. Nxe4 Bf5 5. Ng3 Bg6 6. f4 e6 7. Nf3 Bd6 8. Bc4 Ne7 9. Qe2 c5 10. Be3 cxd4 11. Nxd4 Nbc6 12. Nb5 Bb8 13. O-O a6 14. Rad1 Qa5 15. Nd6+ Bxd6 16. Rxd6 O-O 17. Qf2 Qb4 18.
f5 Qxd6 19. fxg6 hxg6 20. Bc5 Qe5 21. Re1 1-0

[Event "*** Titled Tuesday Blitz"]
[Site "Chess.com"]
[Date "2020.03.03"]
[Round "4"]
[White "DonBroca"]
[Black "AyMitecK"]
[Result "0-1"]
[WhiteElo "2040"]
[BlackElo "2323"]
[TimeControl "180+1"]
[EndTime "13:39:53 PST"]
[Termination "AyMitecK won by resignation"]

1. e4 c5 2. Nf3 e6 3. d4 cxd4 4.
Nxd4 a6 5. Bd3 Bc5 6. Nb3 Ba7 7. Qg4 Nf6 8. Qxg7 Rg8 9. Qh6 Nc6 10. Bg5 Rg6 11.
Qh4 Ne5 12. f4 Nxd3+ 13. cxd3 h6 14. Bxh6 Rxg2 15. Rf1 Rg4 16. Qh3 Qb6 17. e5 Rg1 18. exf6 Qf2+ 19. Kd1 Rxf1+ 20. Qxf1 Qxf1+ 21. Kc2 Qg2+ 22. N1d2 d5 23. Bg5 Bd7 24. h4 Rc8+ 25. Kd1 Be3 26. h5 e5 27. h6 Bg4+ 28. Nf3 Bxf3+ 0-1

[Event "*** Titled Tuesday Blitz"]
[Site "Chess.com"]
[Date "2020.03.03"]
[Round "4"]
[White "Orest_Vovk"]
[Black "Nesty_Javi_Chess"]
[Result "0-1"]
[WhiteElo "2534"]
[BlackElo "2705"]
[TimeControl "180+1"]
[EndTime "13:39:54 PST"]
[Termination "Nesty_Javi_Chess won on time"]

1. g4 d5 2. Bg2 e5 3. h3 c6 4. d4 e4 5. c4 f5 6. Nc3 Nf6 7. g5 Nh5 8. Qb3 dxc4 9. Qxc4 Qd6 10. d5 Be7 11. Be3 Qb4 12. Qxb4 Bxb4 13. O-O-O O-O 14. a3 Bxc3 15. bxc3 cxd5 16. Rxd5 Nc6 17. Bc5 Re8 18. e3 Be6 19. Rd6 Ne5 20. Bf1 Rac8 21. Bd4 Nf7 22. Rxe6 Rxe6 23. Be2 g6 24. Bxh5 gxh5 25. f4 Nd6 26.
Ne2 Nb5 27. Kd2 Nxa3 28. Ng3 Nc4+ 29. Kc2 Ra6 30. Nxf5 Kf7 31. Nh6+ Ke7 32. Nf5+ Ke6 33. Ng7+ Kf7 34. Nf5 Ra2+ 35. Kb1 Rb2+ 36. Ka1 Rc6 0-1

[Event "*** Titled Tuesday Blitz"]
[Site "Chess.com"]
[Date "2020.03.03"]
[Round "4"]
[White "DinaBelenkaya"]
[Black "AndreyNeves"]
[Result "1-0"]
[WhiteElo "2289"]
[BlackElo "2196"]
[TimeControl "180+1"]
[EndTime "13:39:55 PST"]
[Termination "DinaBelenkaya won by resignation"]

1. e4 c5 2. Nf3 Nc6 3. Bb5 g6 4. O-O Bg7 5. Re1 Nf6 6. Bxc6 bxc6 7. d3 O-O 8. Be3 d6 9. Qc1 Rb8 10. Nbd2 Ng4 11. Rb1 Nxe3 12. fxe3 e5 13. c3 Bg4 14. Qc2 f5 15. exf5 gxf5 16. e4 f4 17. Qa4 Bxf3 18. gxf3 Qh4 19. Re2 Rf6 20. Rg2 d5 21. Qxa7 Rg6 22.
Qxb8+ Bf8 23. Rxg6+ hxg6 24. Qxe5 c4 25. dxc4 Bc5+ 26.
Kh1 Qf2 27. Qe6+ Kg7 28. Qd7+ Kg8 29. Qxc6 Be3 30. Qxg6+ Kh8 31. Qg2 Qh4 32. cxd5 1-0

[Event "*** Titled Tuesday Blitz"]
[Site "Chess.com"]
[Date "2020.03.03"]
[Round "4"]
[White "kayrakamer"]
[Black "HajiyevKanan"]
[Result "1-0"]
[WhiteElo "2600"]
[BlackElo "2364"]
[TimeControl "180+1"]
[EndTime "13:40:00 PST"]
[Termination "kayrakamer won by resignation"]

1. Nf3 c6 2. d4 d5 3. c4 Nf6 4. Nc3 Ne4 5. Qb3 Nxc3 6. bxc3 g6 7. cxd5 cxd5 8. Bf4 Nc6 9. e3 Bg7 10. h3 O-O 11.
Be2 Na5 12. Qb4 b6 13. O-O Bf5 14. Rfc1 Rc8 15. Nd2 Be6 16. Ba6 Rc6 17. Bb5 Rc8 18. a4 f6 19. c4 dxc4 20. Nxc4 Bxc4 21. Bxc4+ Nxc4 22. Rxc4 Qd7 23. Rac1 e5 24. dxe5 fxe5 25. Bg3 Rxc4 26. Qxc4+ Qf7 27. Qe4 Qe7 28. Rc6 Qd7 29. Qc4+ Qf7 30. Qc2 Qd7 31. Rc7 Qe6 32. Rxa7 Rf7 33.
Ra6 Bf8 34. a5 Rd7 35. Rxb6 Qd5 36. Qb3 Bc5 37. Qxd5+ Rxd5 38. Rb5 e4 39. a6 Rd1+ 40. Kh2 Ba7 41. Rb7 Bc5 42. a7 Ra1 43. Rb8+ 1-0

[Event "*** Titled Tuesday Blitz"]
[Site "Chess.com"]
[Date "2020.03.03"]
[Round "4"]
[White "MFguimaraes"]
[Black "NM2019"]
[Result "1-0"]
[WhiteElo "2403"]
[BlackElo "2032"]
[TimeControl "180+1"]
[EndTime "13:40:00 PST"]
[Termination "MFguimaraes won by resignation"]

1. e4 c5 2. Nf3 d6 3. d4 cxd4 4. Nxd4 Nf6 5. Nc3 a6 6. g3 e5 7. Nde2 Be6 8. Bg2 Be7 9. O-O Nbd7 10. a4 Qc7 11. a5 O-O 12. h3 Rac8 13. Be3 Rfd8 14.
Qd2 Nc5 15. g4 Qc6 16. Ng3 g6 17. Nd5 Bxd5 18. exd5 Qc7 19. g5 Ne8 20. Rfc1 Ng7 21. h4 Nf5 22. Nxf5 gxf5 23. f4 Nd7 24. c4 Nc5 25. Ra3 f6 26. Kh2 e4 27. Bh3 Qd7 28.
Bd4 fxg5 29. hxg5 Nd3 30. Rg1 Rxc4 31. g6 Rxd4 32. gxh7+ Kh8 33. Qg2 Bg5 34. Qxg5 Qf7 35. Qxd8+ Kxh7 36. Qh4+ 1-0

[Event "*** Titled Tuesday Blitz"]
[Site "Chess.com"]
[Date "2020.03.03"]
[Round "4"]
[White "Poghosyan_Suren"]
[Black "gmasterkiller"]
[Result "1-0"]
[WhiteElo "2456"]
[BlackElo "2622"]
[TimeControl "180+1"]
[EndTime "13:40:01 PST"]
[Termination "Poghosyan_Suren won on time"]

1. Nf3 Nf6 2. c4 g6 3. b3 Bg7 4. Bb2 O-O 5. g3 c5 6. Bg2 d6 7. O-O e5 8. d3 Nc6 9. Nc3 h6 10. a3 Be6 11. e3 Ne8 12. Nd5 Qd7 13. Re1 f5 14. d4 cxd4 15. exd4 e4 16. Nh4 Bxd5 17.
Nxg6 Bf7 18. Nxf8 Kxf8 19. f3 d5 20. cxd5 Qxd5 21. fxe4 Bxd4+ 22. Kh1 Qd8 23. Bxd4 Qxd4 24. Qc1 Kg7 25. exf5 Nf6 26. Qd1 Rd8 27. Qxd4 Nxd4 28. Rad1 Bxb3 29. Rd3 Bc4 30. Rc3 b5 31. h3 Kf7 32.
Rce3 Nxf5 33. Rf3 Bd3 34. Rd1 Nh5 35. g4 Ng3+ 36. Kh2 1-0

[Event "*** Titled Tuesday Blitz"]
[Site "Chess.com"]
[Date "2020.03.03"]
[Round "4"]
[White "ural58"]
[Black "silverback96"]
[Result "1-0"]
[WhiteElo "2410"]
[BlackElo "2034"]
[TimeControl "180+1"]
[EndTime "13:40:01 PST"]
[Termination "ural58 won by resignation"]

1. e4 e6 2. Qe2 c5 3. b3 Nc6 4. Bb2 Nd4 5. Qd3 e5 6. Nf3 Qc7 7. Nxd4 cxd4 8. c3 dxc3 9. Nxc3 Nf6 10. Nb5 Qc6 11. Rc1 Qxe4+ 12. Qxe4 Nxe4 13. Nc7+ Kd8 14. Nxa8 Bd6 15. Be2 b6 16. Bf3 Bb7 17. d3 Nc5 18.
Bxb7 Nxb7 19. O-O Nc5 20. d4 Nd3 21. dxe5 Nxc1 22. exd6 Nd3 23. Bxg7 Rg8 24. Bf6+ Kc8 25. Rd1 Nf4 26. g3 Rg6 27. Be7 Ne6 28. f4 Nxf4 29. Nc7 Nh3+ 30. Kg2 Nf4+ 31. Kf3 Nh3 32. Rc1 Kb7 33.
Nd5 Ng5+ 34. Bxg5 Rxg5 35. Rc7+ Kb8 36. Nb4 Rf5+ 37. Ke4 Rf6 38. Rxd7 Kc8 39. Rc7+ Kd8 40. Nc6+ 1-0

[Event "*** Titled Tuesday Blitz"]
[Site "Chess.com"]
[Date "2020.03.03"]
[Round "4"]
[White "Lovkov_Roman"]
[Black "ChadBiryani"]
[Result "1-0"]
[WhiteElo "2689"]
[BlackElo "2448"]
[TimeControl "180+1"]
[EndTime "13:40:02 PST"]
[Termination "Lovkov_Roman won by resignation"]

1. e4 c5 2. c3 d5 3. exd5 Qxd5 4. Nf3 Nf6 5. d4 cxd4 6. cxd4 e6 7. Nc3 Bb4 8. Bd3 Nc6 9. O-O Bxc3 10. bxc3 O-O 11. Qc2 b6 12. Bg5 h6 13. Bxf6 gxf6 14. Be4 Qd6 15. Rad1 Bb7 16. Rfe1 Rac8 17. Qc1 Kg7 18. d5 Na5 19. dxe6 Qc5 20. Nd4 Bxe4 21. Rxe4 f5 22. Re3 f4 23. Rf3 Rfe8 24. Qxf4 Qh5 25. Qf6+ Kh7 26. exf7 Re5 27. f8=Q 1-0

[Event "*** Titled Tuesday Blitz"]
[Site "Chess.com"]
[Date "2020.03.03"]
[Round "4"]
[White "vpantev"]
[Black "gena217"]
[Result "0-1"]
[WhiteElo "2630"]
[BlackElo "3013"]
[TimeControl "180+1"]
[EndTime "13:40:03 PST"]
[Termination "gena217 won by resignation"]

1. d4 f5 2. g3 Nf6 3. Bg2 e6 4. Nh3 d6 5. O-O Ke7 6. Nf4 c6 7. b3 Kf7 8. Bb2 g5 9. Nd3 Bg7 10. Nd2 d5 11. Nf3 h6 12. c4 Rf8 13. Nfe5+ Kg8 14.
e3 Nbd7 15. h3 Nxe5 16. Nxe5 Nd7 17. Nxd7 Bxd7 18. f4 Kh7 19. Qd3 Be8 20. b4 Qe7 21. c5 h5 22. fxg5 Qxg5 23. Kh2 h4 24. gxh4 Qxh4 25.
Qe2 Rg8 26. Qf2 Qh6 27. Bc1 Qf6 28. Bd2 Bh6 29. Rg1 Bd7 30. Bf3 e5 31. dxe5 Qxe5+ 32. Kh1 Qf6 33. Rxg8 Rxg8 34. Rg1 Rxg1+ 35. Qxg1 Be6 36.
Bh5 d4 37. Qg3 dxe3 38. Bxe3 f4 39. Bxf4 Bxf4 40. Qd3+ Qf5 41. Qxf5+ Bxf5 42. Kg2 Bd2 43. a3 Bc1 44. Bf3 Bxa3 45. b5 cxb5 46. Bxb7 Bxc5 0-1

[Event "*** Titled Tuesday Blitz"]
[Site "Chess.com"]
[Date "2020.03.03"]
[Round "4"]
[White "Chessalary"]
[Black "Misi_95"]
[Result "1-0"]
[WhiteElo "2289"]
[BlackElo "2639"]
[TimeControl "180+1"]
[EndTime "13:40:03 PST"]
[Termination "Chessalary won on time"]

1. e4 c5 2. Nf3 Nc6 3. d4 cxd4 4.
Nxd4 Nf6 5. f3 e5 6. Nb5 Bc5 7. Nd6+ Kf8 8. Bg5 Qb6 9. Nc4 Qc7 10. Nc3 Ne7 11. Qd3 d6 12. Ne3 Be6 13. Bxf6 gxf6 14. O-O-O Rc8 15. Kb1 a6 16. Ncd5 Bxd5 17. Nxd5 Nxd5 18. Qxd5 b5 19. h4 Ke7 20. g4 h6 21. Bh3 Rb8 22. f4 exf4 23. Qf5 Be3 24. g5 hxg5 25. hxg5 fxg5 26. Qxg5+ Kf8 27. Qf6 Rg8 28.
Be6 Qe7 29. Qh6+ Ke8 30. Bd5 Kd7 31. Bxf7 Rh8 32. Qg6 Rbf8 33. Rxh8 Rxh8 34. e5 Qxe5 35. Qg2 Ke7 36. Bd5 Rf8 37. Bb3 1-0

[Event "*** Titled Tuesday Blitz"]
[Site "Chess.com"]
[Date "2020.03.03"]
[Round "4"]
[White "ZEN-22"]
[Black "Dhaydon19"]
[Result "1-0"]
[WhiteElo "2414"]
[BlackElo "2711"]
[TimeControl "180+1"]
[EndTime "13:40:03 PST"]
[Termination "ZEN-22 won by checkmate"]

1. e3 c6 2. d4 d5 3. c4 Nf6 4.
Nc3 e6 5. g4 Bd6 6. g5 Nfd7 7.
h4 h6 8. g6 fxg6 9. Bd3 Nf8 10. Qg4 Kf7 11. Nge2 Nbd7 12. Nf4 Bxf4 13. Qxf4+ Qf6 14.
Qc7 Qe7 15. Rg1 Qxh4 16. Bd2 Qe7 17. O-O-O Nf6 18. Qg3 g5 19. f4 g4 20. e4 dxe4 21. Nxe4 Nxe4 22. Bxe4 h5 23. Rh1 Bd7 24. Rdg1 g6 25. Bc3 Rg8 26. Re1 Qd6 27. Kb1 Re8 28. Rhf1 Nh7 29. Qd3 Nf6 30. Bg2 b5 31. cxb5 cxb5 32.
a3 Bc6 33. Bb4 Qd7 34. d5 exd5 35. Rxe8 Rxe8 36. f5 g5 37. Bd2 Ne4 38. Be3 h4 39. Rc1 h3 40. Bh1 g3 41. Bf3 Kf6 42.
Bg4 h2 43. Qd4+ Re5 44. Bf3 Kxf5 45. Bxe4+ Rxe4 46. Rf1+ Kg6 47. Qf6+ Kh5 48. Qxg5# 1-0

[Event "*** Titled Tuesday Blitz"]
[Site "Chess.com"]
[Date "2020.03.03"]
[Round "4"]
[White "MatthewG-p4p"]
[Black "Rodalquilar"]
[Result "1-0"]
[WhiteElo "2793"]
[BlackElo "2584"]
[TimeControl "180+1"]
[EndTime "13:40:04 PST"]
[Termination "MatthewG-p4p won by resignation"]

1. f4 d5 2. Nf3 g6 3. g3 c6 4. Bg2 Qb6 5. d4 h5 6. O-O Nh6 7. c4 Nf5 8. Nc3 e6 9. e3 h4 10. Qe1 hxg3 11. hxg3 Nd7 12. g4 Nh6 13. Qg3 Nf6 14.
Ne5 Qc7 15. Bd2 Bd6 16. Rac1 a6 17. Bh3 Bd7 18. g5 Nh5 19. Qf3 Ng8 20. cxd5 Bxe5 21. fxe5 O-O-O 22. d6 Qa5 23. Ne4 Qxa2 24. Ra1 Qd5 25.
Bg2 Ng7 26. Ra5 Qb3 27. Nc5 Qxb2 28. Bc1 Qb4 29. Ra3 Nf5 30. Rb3 Qc4 31. Rxb7 Nh4 32.
Rc7+ Kb8 33. Qf2 Ka8 34. Nxd7 Nxg2 35. Nb6+ Kb8 36. Nxc4 1-0

[Event "*** Titled Tuesday Blitz"]
[Site "Chess.com"]
[Date "2020.03.03"]
[Round "4"]
[White "Region_07"]
[Black "Maikrosoft63"]
[Result "0-1"]
[WhiteElo "2401"]
[BlackElo "2577"]
[TimeControl "180+1"]
[EndTime "13:40:07 PST"]
[Termination "Maikrosoft63 won by resignation"]

1. d4 Nf6 2. Bg5 e6 3. Nf3 h6 4.
Bh4 d6 5. e3 g5 6. Bg3 Nh5 7.
c4 Bg7 8. Nc3 b6 9. Be2 Nxg3 10.
hxg3 Bb7 11. Qc2 Nd7 12. O-O-O Qe7 13. g4 O-O-O 14. Bd3 Kb8 15. Be4 c5 16. Bxb7 Kxb7 17. Qe4+ Kb8 18. Nb5 a6 19. Nc3 Rc8 20. Kb1 Rhd8 21.
Rc1 Nf6 22. Qc2 Nxg4 23. Qa4 Kb7 24. Rc2 Qc7 25. dxc5 dxc5 26. Qb3 Rd7 27. Ne4 Rcd8 28. Rhc1 Rd1 29. a4 f5 30. Nc3 Rxc1+ 31. Rxc1 Nxf2 32. a5 Nd3 33. Rd1 Nb4 34. Rc1 Rd3 35. axb6 Qxb6 36. Ne1 Rxe3 37. Na4 Rxb3 38. Nxb6 Rxb2+ 0-1

[Event "*** Titled Tuesday Blitz"]
[Site "Chess.com"]
[Date "2020.03.03"]
[Round "4"]
[White "bascheyaro"]
[Black "kingofthenil"]
[Result "1/2-1/2"]
[WhiteElo "2734"]
[BlackElo "2574"]
[TimeControl "180+1"]
[EndTime "13:40:08 PST"]
[Termination "Game drawn by agreement"]

1. d4 Nf6 2. Nf3 c5 3. dxc5 e6 4. Bf4 Bxc5 5. e3 d5 6. c4 O-O 7. a3 Nc6 8. Nc3 Re8 9. cxd5 exd5 10. Be2 Bg4 11. O-O Rc8 12. b4 Bd6 13. Bxd6 Qxd6 14.
Nb5 Qb8 15. h3 Bxf3 16. Bxf3 Qe5 17. Rc1 a6 18. Nc3 Nxb4 19. axb4 Rxc3 20. Rxc3 Qxc3 21. b5 Rd8 22. bxa6 bxa6 23. Qa4 a5 24. Ra1 Ra8 25. Rd1 Rd8 26. Bxd5 Nxd5 27. Rxd5 Qc1+ 28. Kh2 Qc7+ 29. f4 Ra8 30. Rd7 Qc5 31. Qe4 Rf8 32. Rd5 Qb4 33. Rd4 Qb6 34. Qe5 h6 35. f5 Qb8 36. Rd6 Rd8 37.
Rxd8+ Qxd8 38. Qf4 Qf6 39. e4 Qd4 40. Qb8+ Kh7 41. Qe8 f6 1/2-1/2

[Event "*** Titled Tuesday Blitz"]
[Site "Chess.com"]
[Date "2020.03.03"]
[Round "4"]
[White "newauto"]
[Black "lelya96"]
[Result "0-1"]
[WhiteElo "2008"]
[BlackElo "2294"]
[TimeControl "180+1"]
[EndTime "13:40:14 PST"]
[Termination "lelya96 won by checkmate"]

1. e4 e5 2. Nf3 Nc6 3. Nc3 Bb4 4. Nd5 Bc5 5. c3 Nf6 6. d4 exd4 7. cxd4 Bb4+ 8. Nxb4 Nxb4 9. a3 Nc6 10. d5 Ne7 11.
Bd3 d6 12. O-O Bg4 13. h3 Bh5 14. Bg5 Nd7 15. Rc1 f6 16. Be3 Ne5 17. Be2 Bxf3 18. Bxf3 O-O 19. Be2 f5 20. f3 c6 21. dxc6 bxc6 22. f4 N5g6 23. Bf3 fxe4 24. Bxe4 d5 25. Bxg6 Nxg6 26. Rxc6 Kh8 27. Qc2 d4 28. Rd1 Nxf4 29.
Rxd4 Nd5 30. Bf2 Qg5 31. Rc5 Ne3 32. Qd2 Qxg2# 0-1

[Event "*** Titled Tuesday Blitz"]
[Site "Chess.com"]
[Date "2020.03.03"]
[Round "4"]
[White "Gentlejimmy7"]
[Black "platy3"]
[Result "1/2-1/2"]
[WhiteElo "2703"]
[BlackElo "2857"]
[TimeControl "180+1"]
[EndTime "13:40:15 PST"]
[Termination "Game drawn by repetition"]

1. d4 Nf6 2. Nf3 d5 3. c4 e6 4.
g3 dxc4 5. Bg2 c6 6. O-O b5 7. a4 Bb7 8. b3 cxb3 9. Qxb3 a6 10. Nbd2 Be7 11. Ba3 O-O 12. Rfc1 Nbd7 13. Bxe7 Qxe7 14.
Qc2 c5 15. dxc5 Rfc8 16. axb5 Rxc5 17. Qb2 axb5 18. Rxa8+ Bxa8 19. Ra1 Bd5 20. Nd4 Bxg2 21. Kxg2 Nb6 22. Ra5 Qb7+ 23. Kg1 Nbd5 24. Rxb5 Rxb5 25. Qxb5 Qa7 26. N4b3 h6 27. Qa5 Qb8 28. Qc5 Qa8 29.
Qa5 Qb8 30. Qc5 Nd7 31. Qa5 Ne5 32. Qc5 Ng4 33. Qd4 Ngf6 34. Qc5 1/2-1/2

[Event "*** Titled Tuesday Blitz"]
[Site "Chess.com"]
[Date "2020.03.03"]
[Round "4"]
[White "NTBT_DHS"]
[Black "x-3738459472"]
[Result "1/2-1/2"]
[WhiteElo "2700"]
[BlackElo "2548"]
[TimeControl "180+1"]
[EndTime "13:40:17 PST"]
[Termination "Game drawn by repetition"]

1. d4 Nf6 2. c4 e6 3. Nf3 Bb4+ 4. Bd2 a5 5. Qc2 d6 6. e4 Nbd7 7. a3 Bxd2+ 8. Nbxd2 e5 9. Bd3 O-O 10. dxe5 Nxe5 11.
Nxe5 dxe5 12. O-O Qe7 13. c5 Be6 14. b4 Rfd8 15. Nc4 Bxc4 16. Bxc4 Rd4 17. f3 b6 18. c6 Rad8 19. bxa5 Qc5 20. Bb3 Rc4+ 21. Qf2 Qxf2+ 22. Rxf2 Rxc6 23. axb6 cxb6 24. Rc2 Rxc2 25. Bxc2 Kf8 26. Rb1 Rd6 27. Ba4 Ke7 28. Kf2 Nd7 29. Ke2 Nc5 30. Bb5 Ne6 31. Bc4 Nf4+ 32. Kf1 Rd2 33.
Rxb6 Nxg2 34. Rb7+ Kd6 35. Bxf7 Ne3+ 36. Ke1 Rxh2 37.
Bb3 g5 38. a4 Kc6 39. Rb5 h5 40. Rxe5 h4 41. Rxg5 Rb2 42. Bd5+ Kb6 43. Be6 Ng2+ 44. Kd1 Nf4 45. Bg4 h3 46. Bxh3 Nxh3 47. Rb5+ Rxb5 48.
axb5 Kxb5 49. Kd2 Kc5 50. Ke3 Kd6 51. f4 Nxf4 52. Kxf4 Ke6 53. e5 Ke7 54. Ke4 Ke6 55.
Kf4 Ke7 56. Kf5 Kf7 57. e6+ Ke7 58. Ke5 Ke8 59. Kf6 Kf8 60. Ke5 Ke7 61. Kd5 Ke8 62. Ke5 Ke7 63. Kf5 Ke8 64. Kf6 Kf8 65. Kg6 Ke7 66. Kf5 Ke8 67. Kf6 1/2-1/2

[Event "*** Titled Tuesday Blitz"]
[Site "Chess.com"]
[Date "2020.03.03"]
[Round "4"]
[White "GMWSO"]
[Black "Gordima"]
[Result "1-0"]
[WhiteElo "3111"]
[BlackElo "2788"]
[TimeControl "180+1"]
[EndTime "13:40:20 PST"]
[Termination "GMWSO won on time"]

1. Nf3 d5 2. b3 Bg4 3. Bb2 Bxf3 4. exf3 e6 5. g3 Nf6 6. Bg2 g6 7. O-O Bg7 8. f4 O-O 9. Re1 c5 10. d3 Nc6 11. c4 Qd7 12. Nd2 Rad8 13. Nf3 Qc7 14. Qe2 Ne8 15. Ne5 Nf6 16. Rac1 Qb6 17. Nxc6 bxc6 18. h4 h5 19. Bf3 Nd7 20. Bxg7 Kxg7 21.
Qb2+ Kh7 22. Rc2 a5 23. Qc3 Qb4 24. Qa1 Rb8 25. f5 gxf5 26. Bxh5 d4 27. Qd1 Nf6 28.
Bf3 Qb6 29. Qc1 Rg8 30. Qf4 Rbc8 31. Rce2 Qc7 32. Re5 Nd7 33. Rxf5 exf5 34. Qxf5+ Kh8 35. Re7 Qd6 36. Qh5+ 1-0

[Event "*** Titled Tuesday Blitz"]
[Site "Chess.com"]
[Date "2020.03.03"]
[Round "4"]
[White "PNEPaul"]
[Black "GCamachoMartinez"]
[Result "0-1"]
[WhiteElo "1921"]
[BlackElo "2390"]
[TimeControl "180+1"]
[EndTime "13:40:22 PST"]
[Termination "GCamachoMartinez won by resignation"]

1. e4 c5 2. d4 cxd4 3. c3 d3 4. Bxd3 d5 5. exd5 Qxd5 6. Nf3 Nc6 7. O-O Bg4 8. Be2 Qxd1 9. Rxd1 e6 10. Bf4 Nf6 11.
h3 Bh5 12. g4 Bg6 13. Ne5 Nxe5 14. Bxe5 Nd7 15. Bg3 O-O-O 16. Bf3 Bc5 17. Nd2 Bc2 18. Re1 Bb6 19. Rac1 Bg6 20. Ne4 Bc7 21. Nd6+ Bxd6 22. Bxd6 Nf6 23. Be7 Rd7 24. Bxf6 gxf6 25. Rcd1 Rxd1 26. Rxd1 h5 27. Rd2 hxg4 28. hxg4 f5 29.
g5 e5 30. Bd1 Bh5 31. Bc2 Rg8 32. Rd5 Rxg5+ 33. Kf1 f4 34. Bb3 Bf3 35. Ke1 Bxd5 36.
Bxd5 e4 37. Bxe4 Re5 38. f3 f5 0-1

[Event "*** Titled Tuesday Blitz"]
[Site "Chess.com"]
[Date "2020.03.03"]
[Round "4"]
[White "vova-79"]
[Black "floplover"]
[Result "1-0"]
[WhiteElo "2546"]
[BlackElo "2351"]
[TimeControl "180+1"]
[EndTime "13:40:23 PST"]
[Termination "vova-79 won on time"]

1. d4 Nf6 2. c4 e6 3. Nc3 Bb4 4. e3 O-O 5. Ne2 c5 6. a3 Bxc3+ 7.
Nxc3 cxd4 8. exd4 d5 9. c5 b6 10. Be2 bxc5 11. dxc5 a5 12. Rb1 Na6 13. b4 axb4 14.
axb4 Rb8 15. Ba3 d4 16. Nb5 Nd5 17. Qxd4 Bd7 18. Nc3 Nxc5 19. Nxd5 exd5 20. Qxc5 Re8 21. Rb2 Bb5 22. Kd1 Qf6 23. Bxb5 Rec8 24. Qe3 Rc3 25. Qa7 Rbc8 26. Rd2 Qg5 27. Re1 Qxg2 28. Bb2 Rb3 29. Qd7 1-0

[Event "*** Titled Tuesday Blitz"]
[Site "Chess.com"]
[Date "2020.03.03"]
[Round "4"]
[White "ShahMatKanal"]
[Black "WeAintSurePal"]
[Result "1-0"]
[WhiteElo "2497"]
[BlackElo "2307"]
[TimeControl "180+1"]
[EndTime "13:40:24 PST"]
[Termination "ShahMatKanal won by checkmate"]

1. e4 c6 2. d4 d5 3. exd5 cxd5 4. Bd3 Nc6 5. c3 Qc7 6. Ne2 Nf6 7. Bf4 e5 8. dxe5 Nxe5 9. Bb5+ Bd7 10. Bxd7+ Nfxd7 11. Qxd5 Bd6 12. O-O O-O 13. Rd1 Nf6 14. Qxd6 Rfd8 15. Bxe5 Rxd6 16. Rxd6 Rd8 17. Rxd8+ Qxd8 18. Bd4 Qe7 19.
Kf1 Ne4 20. Na3 Qh4 21. h3 a6 22.
Re1 h6 23. Nb1 f5 24. Ng1 Qf4 25. Nf3 g5 26. Be5 Ng3+ 27. fxg3 Qc4+ 28. Kg1 Qxa2 29. Nbd2 Qxb2 30. g4 fxg4 31. hxg4 Qb5 32. Bd4 a5 33. Ne5 a4 34. Ne4 Qa6 35. Nd7 a3 36. Nef6+ Kf7 37. Nd5 Qd6 38. Rf1+ Ke8 39. N5f6+ Kd8 40. Bc5 Qa6 41. Re1 a2 42. Bb6+ Kc8 43. Re8# 1-0

[Event "*** Titled Tuesday Blitz"]
[Site "Chess.com"]
[Date "2020.03.03"]
[Round "4"]
[White "Azeryahu"]
[Black "HomayoonTofighi"]
[Result "0-1"]
[WhiteElo "2797"]
[BlackElo "2613"]
[TimeControl "180+1"]
[EndTime "13:40:25 PST"]
[Termination "HomayoonTofighi won by resignation"]

1. Nf3 Nf6 2. g3 c5 3. Bg2 Nc6 4. O-O d5 5. d4 Bg4 6. Ne5 cxd4 7. Nxg4 Nxg4 8. c3 dxc3 9. e4 c2 10. Qxc2 d4 11. e5 Ngxe5 12. Bf4 Rc8 13. Qe4 Ng6 14. Nd2 e6 15. Nb3 Bd6 16. Bxd6 Qxd6 17. Rfd1 e5 18. f4 O-O 19. fxe5 Ngxe5 20. Nxd4 Rfd8 21. Nxc6 Qxd1+ 22. Rxd1 Rxd1+ 23. Bf1 Nxc6 24. Qg4 Rcd8 25. Kg2 R1d2+ 26.
Kh3 g6 27. Bc4 Ne5 28. Qf4 Nxc4 29. Qxc4 Rxb2 30. Qc7 Re8 31. Qd7 Ree2 32. Qd8+ Kg7 33. Qd4+ f6 34. Qd7+ Kh6 35. Kg4 f5+ 36. Kf4 Re4+ 37.
Kf3 Rxh2 38. Qd8 Rxa2 39. Qf8+ Kh5 40. Qf7 Ra3+ 41. Kg2 h6 42. Qf6 Rg4 43. Kh2 Rgxg3 44. Qb2 Rh3+ 45. Kg1 Rag3+ 0-1

[Event "*** Titled Tuesday Blitz"]
[Site "Chess.com"]
[Date "2020.03.03"]
[Round "4"]
[White "sergiochess83"]
[Black "Mikasinski"]
[Result "1-0"]
[WhiteElo "2918"]
[BlackElo "2263"]
[TimeControl "180+1"]
[EndTime "13:40:25 PST"]
[Termination "sergiochess83 won on time"]

1. e4 c5 2. Nf3 d6 3. d4 cxd4 4. Nxd4 Nf6 5. Nc3 g6 6. Be3 Bg7 7. f3 Nc6 8. Qd2 O-O 9. O-O-O Bd7 10. g4 Rc8 11. h4 Ne5 12. Kb1 Qa5 13. Be2 Rxc3 14.
Qxc3 Qxc3 15. bxc3 Rc8 16. Kb2 Be8 17. h5 Nfd7 18.
hxg6 hxg6 19. Bh6 Nc5 20. Bxg7 Kxg7 21. f4 Na4+ 22. Kc1 Nc4 23. Rh3 e5 24. fxe5 dxe5 25. Nb3 Ncb2 26. Rdh1 Rxc3 27. Rh8 Kf6 28. Rxe8 Re3 29.
Bb5 Nc3 30. Kxb2 Nxb5 31. Rf1+ 1-0

[Event "*** Titled Tuesday Blitz"]
[Site "Chess.com"]
[Date "2020.03.03"]
[Round "4"]
[White "Witaliss"]
[Black "Irishchessman16"]
[Result "1-0"]
[WhiteElo "2427"]
[BlackElo "2193"]
[TimeControl "180+1"]
[EndTime "13:40:25 PST"]
[Termination "Witaliss won by resignation"]

1. d4 Nf6 2. Nf3 e6 3. c4 d5 4. Nc3 c6 5. cxd5 exd5 6. Bg5 h6 7.
Bh4 Bf5 8. Qb3 Nbd7 9. Qxb7 Rb8 10. Qxc6 Rxb2 11. e3 Bb4 12. a3 Qa5 13. Rc1 Qxa3 14. Bxf6 gxf6 15. Bb5 Bxc3+ 16. Qxc3 Qxc3+ 17. Rxc3 Rb1+ 18. Ke2 Rxh1 19. Rc8+ Ke7 20. Rxh8 Rb1 21. Bxd7 Bxd7 22.
Rxh6 Bb5+ 23. Kd2 Rb2+ 24. Kc3 Rxf2 25. Nh4 a5 26. g4 Bd7 27. h3 a4 28. Rh8 Re2 29.
Kd3 Bb5+ 30. Kc3 Rxe3+ 31. Kb4 Bd7 32. Nf5+ Bxf5 33. gxf5 Rd3 34. Kc5 a3 35. Kxd5 a2 36.
Ra8 Rd2 37. h4 Rh2 38. Ra7+ Kf8 39. Kc5 Rxh4 40. Rxa2 Rf4 41. d5 Rxf5 42. Kc6 Rf3 43. Rc2 Rd3 44. d6 f5 45. d7 Kg7 46. Kc7 Kg6 47.
Rc6+ f6 48. Rd6 Rc3+ 49. Kb6 Rb3+ 50. Kc5 Rc3+ 51. Kd4 1-0

[Event "*** Titled Tuesday Blitz"]
[Site "Chess.com"]
[Date "2020.03.03"]
[Round "4"]
[White "Vegan4future"]
[Black "Sordis"]
[Result "1-0"]
[WhiteElo "2535"]
[BlackElo "2346"]
[TimeControl "180+1"]
[EndTime "13:40:26 PST"]
[Termination "Vegan4future won by checkmate"]

1. e4 c6 2. Nc3 d5 3. Qf3 e6 4.
exd5 exd5 5. d4 Nf6 6. Bd3 Be7 7.
h3 O-O 8. Nge2 Re8 9. O-O Nbd7 10. Bf4 Nf8 11. Rfe1 Ng6 12. Bg3 Bd6 13. Nf4 Rxe1+ 14. Rxe1 Nxf4 15. Bxf4 Bxf4 16. Qxf4 Be6 17. Na4 Qa5 18.
Nc3 Qb4 19. Qe3 Qxb2 20. Rb1 Qa3 21. Rxb7 Re8 22. Qg3 Kf8 23. Ne2 Bc8 24. Rc7 Bd7 25. Kh2 Qa5 26. Qd6+ Re7 27. Rb7 Ne8 28. Rb8 f6 29.
Bxh7 Kf7 30. Bg6+ Kxg6 31. Qxe7 Qc7+ 32. g3 Qxb8 33. Nf4+ Kh7 34. Qxd7 Nd6 35. Qxc6 Ne4 36. Qxd5 Nxf2 37. Qf5+ Kg8 38. d5 Nd1 39. Qe6+ Kh8 40. Ng6+ Kh7 41. Ne7 Qb4 42. Qf5+ Kh8 43. Qh5# 1-0

[Event "*** Titled Tuesday Blitz"]
[Site "Chess.com"]
[Date "2020.03.03"]
[Round "4"]
[White "Manukyan_Artak"]
[Black "MateusViageiro"]
[Result "1-0"]
[WhiteElo "2437"]
[BlackElo "2194"]
[TimeControl "180+1"]
[EndTime "13:40:26 PST"]
[Termination "Manukyan_Artak won by resignation"]

1. e4 c5 2. Nf3 d6 3. Bb5+ Nd7 4. O-O Nf6 5. Re1 a6 6. Bd3 e5 7.
a4 Be7 8. Na3 O-O 9. c3 b6 10.
Bc2 Bb7 11. d4 Qc7 12. d5 Rfe8 13. h3 Bf8 14. g4 h6 15. Kh2 Nh7 16. Rg1 Be7 17.
h4 f6 18. Nc4 b5 19. Ne3 Nb6 20. a5 Nd7 21. Nf5 Bc8 22. g5 hxg5 23. hxg5 fxg5 24. Nxg5 Bxg5 25. Bxg5 Ndf8 26. Qh5 Bxf5 27. exf5 Qf7 28.
Qg4 Nxg5 29. Qxg5 Nh7 30. Qh4 Nf6 31. Rg6 Ra7 32. Rag1 Kf8 33. Qh8+ Ng8 34. f6 gxf6 35. Rxg8+ Ke7 36. Rxe8+ Qxe8 37. Rg7+ Kd8 38. Qxe8+ Kxe8 39. Rxa7 1-0